DBL
OAKLAND ATHLETICS @ DETROIT TIGERS
05/18/1997
 
TOP OF THE 1ST
Oakland Athletics batting - Pitching for Detroit Tigers : RHP Kevin Gross
Pitching: RHP Kevin Gross
Batting: RHB Rickey Henderson 0-0: Foul Ball, location: 2F
0-1: Foul Ball, location: 2F
0-2: Ball
1-2: Ground out 6-3 (Groundball, 56, EV 94.4 MPH)
Batting: SHB Geronimo Pena 0-0: Called Strike
0-1: Foul Ball, location: 2F
0-2: Fly out, F7 (Flyball, 7LM, EV 87.5 MPH)
Batting: LHB John Olerud 0-0: Called Strike
0-1: Foul Ball, location: 2F
0-2: Foul Ball, location: 2F
0-2: Foul Ball, location: 2F
0-2: Ball
1-2: Foul Ball, location: 2F
1-2: Strikes out swinging
Top of the 1st over - 0 runs, 0 hits, 0 errors, 0 left on base; Oakland 0 - Detroit 0
BOTTOM OF THE 1ST
Detroit Tigers batting - Pitching for Oakland Athletics : RHP Todd Van Poppel
Pitching: RHP Todd Van Poppel
Batting: SHB Adrian Brown 0-0: Called Strike
0-1: SINGLE (Groundball, 6, EV 98.8 MPH) (infield hit)
Batting: LHB Brent Mayne 0-0: Ball
1-0: Called Strike
1-1: Ball
2-1: Swinging Strike
2-2: Strikes out swinging
Batting: LHB Ben Grieve 0-0: Called Strike
0-1: Swinging Strike
0-2: Strikes out swinging
Batting: RHB Shannon Stewart 0-0: Foul Ball, location: 2F
0-1: Called Strike
0-2: Ball
Adrian Brown is caught stealing 2nd base 2-4
Bottom of the 1st over - 0 runs, 1 hit, 0 errors, 0 left on base; Oakland 0 - Detroit 0
TOP OF THE 2ND
Oakland Athletics batting - Pitching for Detroit Tigers : RHP Kevin Gross
Batting: RHB Herbert Perry 0-0: SINGLE (Groundball, 6MD, EV 107.5 MPH)
Batting: LHB David Justice 0-0: Ball
1-0: Ground out 3-1 (Groundball, 34, EV 85.0 MPH)
Herbert Perry to second
Batting: RHB Jay Buhner 0-0: Called Strike
0-1: Ball
1-1: Foul Ball, location: 2F
1-2: Fly out, F8 (Flyball, 8LD, EV 102.5 MPH)
Batting: RHB Benito Santiago 0-0: Ball
1-0: Fly out, F5 (Popup, 56, EV 73.8 MPH)
Top of the 2nd over - 0 runs, 1 hit, 0 errors, 1 left on base; Oakland 0 - Detroit 0
BOTTOM OF THE 2ND
Detroit Tigers batting - Pitching for Oakland Athletics : RHP Todd Van Poppel
Batting: RHB Shannon Stewart 0-0: Ball
1-0: Called Strike
1-1: Ball
2-1: Ball
3-1: Foul Ball, location: 2F
3-2: Foul Ball, location: 2F
3-2: Base on Balls
Batting: LHB Tino Martinez 0-0: Fly out, F8 (Flyball, 8RM, EV 91.3 MPH)
Batting: RHB Howard Battle 0-0: Called Strike
0-1: Grounds into double play, 5-4-3 (Groundball, 56S, EV 93.1 MPH)
Bottom of the 2nd over - 0 runs, 0 hits, 0 errors, 0 left on base; Oakland 0 - Detroit 0
TOP OF THE 3RD
Oakland Athletics batting - Pitching for Detroit Tigers : RHP Kevin Gross
Batting: SHB Chuck Carr 0-0: Called Strike
0-1: Ball
1-1: Ground out 4-3 (Groundball, 4, EV 78.8 MPH)
Batting: RHB Benji Gil 0-0: Called Strike
0-1: Called Strike
0-2: Foul Ball, location: 2F
0-2: DOUBLE (Line Drive, 78D, EV 103.8 MPH)
Batting: RHB Rickey Henderson 0-0: Ball
1-0: Ball
2-0: Ball
3-0: Base on Balls
Batting: SHB Geronimo Pena 0-0: Fly out, F7 (Line Drive, 7, EV 103.8 MPH)
Batting: LHB John Olerud 0-0: Ball
1-0: Fly out, F8 (Flyball, 8LM, EV 82.5 MPH)
Top of the 3rd over - 0 runs, 1 hit, 0 errors, 2 left on base; Oakland 0 - Detroit 0
BOTTOM OF THE 3RD
Detroit Tigers batting - Pitching for Oakland Athletics : RHP Todd Van Poppel
Batting: LHB Joe Orsulak 0-0: Ball
1-0: Ground out 6-3 (Groundball, 6, EV 85.6 MPH)
Batting: RHB Alex Arias 0-0: Ground out 4-3 (Groundball, 4, EV 105.0 MPH)
Batting: RHB Shane Halter 0-0: Called Strike
0-1: Swinging Strike
0-2: Ball
1-2: Ball
2-2: Ball
3-2: Strikes out swinging
Bottom of the 3rd over - 0 runs, 0 hits, 0 errors, 0 left on base; Oakland 0 - Detroit 0
TOP OF THE 4TH
Oakland Athletics batting - Pitching for Detroit Tigers : RHP Kevin Gross
Batting: RHB Herbert Perry 0-0: Called Strike
0-1: Fly out, F4 (Popup, 34, EV 52.5 MPH)
Batting: LHB David Justice 0-0: Ball
1-0: Ball
2-0: SINGLE (Groundball, 6S, EV 64.4 MPH) (infield hit)
Batting: RHB Jay Buhner 0-0: Ball
1-0: Ball
2-0: Foul Ball, location: 2F
2-1: Called Strike
2-2: 2-RUN HOME RUN (Flyball, 7LD, EV 101.9 MPH), Distance : 357 ft
Batting: RHB Benito Santiago 0-0: Called Strike
0-1: Ball
1-1: SOLO HOME RUN (Flyball, 7D, EV 96.9 MPH), Distance : 379 ft
Batting: SHB Chuck Carr 0-0: Called Strike
0-1: Ball
1-1: Called Strike
1-2: Ball
2-2: Fly out, F3 (Line Drive, 3, EV 68.8 MPH)
Batting: RHB Benji Gil 0-0: DOUBLE (Groundball, 5L, EV 95.6 MPH)
Batting: RHB Rickey Henderson 0-0: Ball
1-0: Ball
2-0: Ball
3-0: Called Strike
3-1: Base on Balls
Batting: SHB Geronimo Pena 0-0: Ball
1-0: Ball
2-0: Fly out, F5 (Popup, 5S, EV 73.8 MPH)
Top of the 4th over - 3 runs, 4 hits, 0 errors, 2 left on base; Oakland 3 - Detroit 0
BOTTOM OF THE 4TH
Detroit Tigers batting - Pitching for Oakland Athletics : RHP Todd Van Poppel
Batting: SHB Adrian Brown 0-0: Fly out, F7 (Line Drive, 7, EV 99.4 MPH)
Batting: LHB Brent Mayne 0-0: Ball
1-0: Called Strike
1-1: Swinging Strike
1-2: Ball
2-2: Ball
3-2: Foul Ball, location: 2F
3-2: Base on Balls
Batting: LHB Ben Grieve 0-0: Ball
1-0: Foul Ball, location: 2F
1-1: Foul Ball, location: 2F
1-2: Strikes out swinging
Batting: RHB Shannon Stewart 0-0: Ball
1-0: Ground out 5-3 (Groundball, 56S, EV 88.1 MPH)
Bottom of the 4th over - 0 runs, 0 hits, 0 errors, 1 left on base; Oakland 3 - Detroit 0
TOP OF THE 5TH
Oakland Athletics batting - Pitching for Detroit Tigers : RHP Kevin Gross
Batting: LHB John Olerud 0-0: Ball
1-0: Swinging Strike
1-1: Ball
2-1: Ball
3-1: Base on Balls
Batting: RHB Herbert Perry 0-0: Called Strike
0-1: Ball
1-1: Ball
2-1: Ball
3-1: Grounds into double play, 4-6-3 (Groundball, 4M, EV 88.1 MPH)
Batting: LHB David Justice 0-0: DOUBLE (Flyball, 8RXD, EV 91.9 MPH)
Batting: RHB Jay Buhner 0-0: Ball
1-0: Called Strike
1-1: Swinging Strike
1-2: Ground out 5-3 (Groundball, 56, EV 81.3 MPH)
Top of the 5th over - 0 runs, 1 hit, 0 errors, 1 left on base; Oakland 3 - Detroit 0
BOTTOM OF THE 5TH
Detroit Tigers batting - Pitching for Oakland Athletics : RHP Todd Van Poppel
Batting: LHB Tino Martinez 0-0: Ball
1-0: Called Strike
1-1: Swinging Strike
1-2: Strikes out swinging
Batting: RHB Howard Battle 0-0: Ball
1-0: Ball
2-0: Ball
3-0: Called Strike
3-1: Base on Balls
Batting: LHB Joe Orsulak 0-0: Ball
1-0: Foul Ball, location: 2F
1-1: Ball
2-1: Ground out 4-3 (Groundball, 34, EV 80.6 MPH)
Howard Battle to second
Batting: RHB Alex Arias 0-0: Foul Ball, location: 2F
0-1: Ball
1-1: Ball
2-1: Foul Ball, location: 2F
2-2: Strikes out swinging
Bottom of the 5th over - 0 runs, 0 hits, 0 errors, 1 left on base; Oakland 3 - Detroit 0
TOP OF THE 6TH
Oakland Athletics batting - Pitching for Detroit Tigers : RHP Kevin Gross
Batting: RHB Benito Santiago 0-0: DOUBLE (Line Drive, 5D, EV 98.8 MPH)
Batting: SHB Chuck Carr 0-0: Bunt missed!
0-1: Reached on error, E1 (Groundball, 13S, EV 43.8 MPH)
Benito Santiago scores
Batting: RHB Benji Gil 0-0: Sac Bunt to P - play at first, batter OUT! 1-3
Chuck Carr to third
Batting: RHB Rickey Henderson 0-0: Called Strike
0-1: Ball
1-1: Ball
2-1: Ball
3-1: Base on Balls
Batting: SHB Geronimo Pena 0-0: Ball
1-0: Called Strike
Rickey Henderson steals 2nd base
1-1: Ball
2-1: Swinging Strike
2-2: Ball
3-2: Foul Ball, location: 2F
3-2: Foul Ball, location: 2F
3-2: Fly out, F8 (Flyball, 8RXD, EV 91.3 MPH)
Runner from 3rd tags up, SCORES, no throw by CF
Rickey Henderson to third
Batting: LHB John Olerud 0-0: Ball
1-0: SINGLE (Groundball, 3D, EV 105.6 MPH)
Rickey Henderson scores
Batting: RHB Herbert Perry 0-0: Called Strike
0-1: Fly out, F9 (Flyball, 9LS, EV 81.3 MPH)
Top of the 6th over - 3 runs, 2 hits, 1 error, 1 left on base; Oakland 6 - Detroit 0
BOTTOM OF THE 6TH
Detroit Tigers batting - Pitching for Oakland Athletics : RHP Todd Van Poppel
Batting: RHB Shane Halter 0-0: Called Strike
0-1: Ball
1-1: Fly out, F2 (Popup, 2R, EV 88.8 MPH)
Batting: SHB Adrian Brown 0-0: Ball
1-0: Ball
2-0: Ground out 5-3 (Groundball, 56, EV 85.6 MPH)
Batting: LHB Brent Mayne 0-0: Ball
1-0: Called Strike
1-1: Ball
2-1: Ground out 4-3 (Groundball, 4M, EV 91.3 MPH)
Bottom of the 6th over - 0 runs, 0 hits, 0 errors, 0 left on base; Oakland 6 - Detroit 0
TOP OF THE 7TH
Oakland Athletics batting - Pitching for Detroit Tigers : RHP Kevin Gross
Batting: LHB David Justice 0-0: Ball
1-0: Called Strike
1-1: Ball
2-1: Foul Ball, location: 2F
2-2: SOLO HOME RUN (Flyball, 89XD, EV 97.5 MPH), Distance : 418 ft
Pitching: LHP Larry Thomas
Pinch Hitting: SHB John Cangelosi 0-0: Swinging Strike
0-1: Foul Ball, location: 2F
0-2: Ball
1-2: Hit by Pitch
Batting: RHB Benito Santiago 0-0: Ball
1-0: Called Strike
John Cangelosi steals 2nd base
1-1: Ball
2-1: DOUBLE (Line Drive, 78M, EV 98.1 MPH)
John Cangelosi scores
Batting: SHB Chuck Carr 0-0: Foul Ball, location: 2F
0-1: Ball
1-1: Foul Ball, location: 2F
1-2: Ground out 1-3 (Groundball, 13, EV 82.5 MPH)
Benito Santiago to third
Batting: RHB Benji Gil 0-0: Ball
1-0: SINGLE (Groundball, 6MD, EV 103.8 MPH)
Benito Santiago scores
Batting: RHB Rickey Henderson 0-0: Ball
1-0: Ball
2-0: Ball
3-0: Called Strike
3-1: Foul Ball, location: 2F
Pickoff Throw to First - Error! E1
Benji Gil to second
3-2: Foul Ball, location: 2F
3-2: SINGLE (Groundball, 34D, EV 104.4 MPH)
Benji Gil to third
Pinch Hitting: RHB Craig Paquette 0-0: Ball
1-0: Fly out, F8 (Flyball, 89M, EV 89.4 MPH)
Runner from 3rd tags up, SCORES, no throw by CF
Pinch Hitting: RHB Greg Vaughn 0-0: Ball
1-0: Foul Ball, location: 2F
1-1: Called Strike
1-2: Foul Ball, location: 2F
1-2: Ball
2-2: Ball
3-2: Ground out 5-3 (Groundball, 56S, EV 90.0 MPH)
Top of the 7th over - 4 runs, 4 hits, 1 error, 1 left on base; Oakland 10 - Detroit 0
BOTTOM OF THE 7TH
Detroit Tigers batting - Pitching for Oakland Athletics : RHP Todd Van Poppel
Now at 1B: Craig Paquette
Now at SS: Greg Litton
Now in RF: John Cangelosi
Batting: LHB Ben Grieve 0-0: Ball
1-0: Called Strike
1-1: Called Strike
1-2: Foul Ball, location: 2F
1-2: Strikes out swinging
Batting: RHB Shannon Stewart 0-0: TRIPLE (Flyball, 78XD, EV 96.9 MPH)
Batting: LHB Tino Martinez 0-0: Called Strike
0-1: Foul Ball, location: 2F
0-2: Ball
1-2: Foul Ball, location: 2F
1-2: Foul Ball, location: 2F
1-2: Foul Ball, location: 2F
1-2: Ground out U3 (Groundball, 34, EV 101.3 MPH)
Shannon Stewart scores
Pinch Hitting: RHB Russ Johnson 0-0: Foul Ball, location: 2F
0-1: Ball
1-1: Fly out, F8 (Flyball, 8LD, EV 98.8 MPH)
Bottom of the 7th over - 1 run, 1 hit, 0 errors, 0 left on base; Oakland 10 - Detroit 1
TOP OF THE 8TH
Oakland Athletics batting - Pitching for Detroit Tigers : LHP Larry Thomas
Now at 3B: Russ Johnson
Batting: RHB Herbert Perry 0-0: Foul Ball, location: 2F
0-1: Ball
1-1: Ball
2-1: Foul Ball, location: 2F
2-2: Strikes out swinging
Batting: LHB David Justice 0-0: Called Strike
0-1: Called Strike
0-2: Ball
1-2: Ball
2-2: Ball
3-2: Strikes out swinging
Batting: SHB John Cangelosi 0-0: Called Strike
0-1: Called Strike
0-2: Strikes out swinging
Top of the 8th over - 0 runs, 0 hits, 0 errors, 0 left on base; Oakland 10 - Detroit 1
BOTTOM OF THE 8TH
Detroit Tigers batting - Pitching for Oakland Athletics : RHP Todd Van Poppel
Batting: LHB Joe Orsulak 0-0: Ball
1-0: Ball
2-0: Called Strike
2-1: Foul Ball, location: 2F
2-2: Foul Ball, location: 2F
2-2: Foul Ball, location: 2F
2-2: Foul Ball, location: 2F
2-2: Foul Ball, location: 2F
2-2: Ball
3-2: Base on Balls
Batting: RHB Alex Arias 0-0: Called Strike
0-1: Swinging Strike
0-2: Strikes out looking
Batting: RHB Shane Halter 0-0: Foul Ball, location: 2F
0-1: SINGLE (Groundball, 56S, EV 70.6 MPH) (infield hit)
Joe Orsulak to second
Batting: SHB Adrian Brown 0-0: Called Strike
0-1: Called Strike
0-2: Fly out, F4 (Line Drive, 4, EV 68.8 MPH)
Batting: LHB Brent Mayne 0-0: Called Strike
0-1: Swinging Strike
0-2: Ground out U3 (Groundball, 34, EV 103.8 MPH)
Bottom of the 8th over - 0 runs, 1 hit, 0 errors, 2 left on base; Oakland 10 - Detroit 1
TOP OF THE 9TH
Oakland Athletics batting - Pitching for Detroit Tigers : LHP Larry Thomas
Batting: RHB Benito Santiago 0-0: Ball
1-0: Ball
2-0: Called Strike
2-1: Fly out, F4 (Popup, 34D, EV 70.0 MPH)
Batting: SHB Chuck Carr 0-0: Ball
1-0: Called Strike
1-1: SINGLE (Groundball, 34D, EV 94.4 MPH)
Pitching: RHP David Weathers
Batting: RHB Benji Gil 0-0: Ball
1-0: Ball
2-0: Ball
3-0: Base on Balls
Chuck Carr to second
Batting: RHB Rickey Henderson 0-0: Called Strike
0-1: Called Strike
0-2: Ball
1-2: Foul Ball, location: 2F
1-2: Ball
2-2: Foul Ball, location: 2F
2-2: SINGLE (Groundball, 34D, EV 106.9 MPH)
Chuck Carr to third
Benji Gil to second
Runner from 3rd tries for Home, SAFE, throw by RF to home
Batting: RHB Craig Paquette 0-0: Ball
1-0: Foul Ball, location: 2F
1-1: 3-RUN HOME RUN (Flyball, 78XD, EV 107.5 MPH), Distance : 419 ft
Batting: RHB Greg Litton 0-0: Swinging Strike
0-1: Foul Ball, location: 2F
0-2: Strikes out swinging
Batting: RHB Herbert Perry 0-0: Ball
1-0: Foul Ball, location: 2F
1-1: Ground out 4-3 (Groundball, 4, EV 100.6 MPH)
Top of the 9th over - 4 runs, 3 hits, 0 errors, 0 left on base; Oakland 14 - Detroit 1
BOTTOM OF THE 9TH
Detroit Tigers batting - Pitching for Oakland Athletics : RHP Todd Van Poppel
Batting: LHB Ben Grieve 0-0: Ball
1-0: Ball
2-0: Foul Ball, location: 2F
2-1: Ball
3-1: Foul Ball, location: 2F
3-2: Ground out 2-3 (Groundball, 2L, EV 60.0 MPH)
Batting: RHB Shannon Stewart 0-0: SINGLE (Line Drive, 8LS, EV 91.3 MPH)
Batting: LHB Tino Martinez 0-0: Ball
1-0: Foul Ball, location: 2F
1-1: Fly out, F8 (Flyball, 78XD, EV 110.6 MPH)
Batting: RHB Russ Johnson 0-0: SINGLE (Line Drive, 7S, EV 95.6 MPH)
Shannon Stewart to second
Batting: LHB Joe Orsulak 0-0: Ball
1-0: Ball
2-0: Ball
3-0: Base on Balls
Shannon Stewart to third
Russ Johnson to second
Batting: RHB Alex Arias 0-0: Called Strike
0-1: Ball
1-1: Ball
2-1: Ball
3-1: Called Strike
3-2: Foul Ball, location: 2F
3-2: Foul Ball, location: 2F
3-2: Foul Ball, location: 2F
3-2: SINGLE (Line Drive, 8RS, EV 93.8 MPH)
Shannon Stewart scores
Russ Johnson to third
Joe Orsulak to second
Russ Johnson scores
Joe Orsulak to third
Batting: RHB Shane Halter 0-0: Fielders Choice at 2nd, U4 (Groundball, 4M, EV 90.6 MPH)
Bottom of the 9th over - 2 runs, 3 hits, 0 errors, 2 left on base; Oakland 14 - Detroit 3
Wednesday, February 11th, 2026 - OOTP Baseball 20.8 Build 74